| TOP OF THE 1ST |
|
Sarasota Eagles batting - Pitching for Tampa Twisters : LHP Sal Torres
|
|
Pitching: LHP Sal Torres
|
|
|
Batting: SHB Ramon Sambo
|
0-0: Ball 1-0: Ball 2-0: Ball 3-0: Base on Balls
|
|
Batting: RHB Gary Appino
|
0-0: Swinging Strike 0-1: Ball 1-1: Ball 2-1: Foul Ball, location: 2F 2-2: Strikes out swinging
|
|
Batting: RHB Thomas Brassil
|
0-0: Ball 1-0: Grounds into double play, 3-6-3 (Groundball, 34S, EV 88.1 MPH)
|
| Top of the 1st over - 0 runs, 0 hits, 0 errors, 0 left on base; Sarasota 0 - Tampa 0 |
| BOTTOM OF THE 1ST |
|
Tampa Twisters batting - Pitching for Sarasota Eagles : RHP Mark Bauer
|
|
Pitching: RHP Mark Bauer
|
|
|
Batting: RHB John Hotchkiss
|
0-0: Called Strike 0-1: Ground out 1-3 (Groundball, 13, EV 64.4 MPH)
|
|
Batting: LHB John Randolph
|
0-0: Swinging Strike 0-1: Foul Ball, location: 2F 0-2: Fly out, F8 (Flyball, 8LM, EV 85.0 MPH)
|
|
Batting: RHB Basil Tennell
|
0-0: Ball 1-0: Foul Ball, location: 2F 1-1: SINGLE (Groundball, 56D, EV 99.4 MPH)
|
|
Batting: LHB Jose Tolentino
|
0-0: Ball 1-0: SINGLE (Line Drive, 56D, EV 100.0 MPH) Basil Tennell to second
|
|
Batting: LHB Jordan Berge
|
0-0: Called Strike 0-1: Ball Wild Pitch! Basil Tennell to third Jose Tolentino to second 1-1: DOUBLE (Flyball, 7LD, EV 96.9 MPH) Basil Tennell scores Jose Tolentino scores
|
|
Batting: RHB Andres Thomas
|
0-0: Foul Ball, location: 2F 0-1: Ball 1-1: Ball 2-1: SINGLE (Line Drive, 8LS, EV 91.9 MPH) Jordan Berge to third Runner from 3rd tries for Home, SAFE, throw by LF to home
|
|
Batting: RHB Dave Klipstein
|
0-0: Called Strike 0-1: Foul Ball, location: 2F 0-2: Ball 1-2: Ball Andres Thomas steals 2nd base 2-2: Foul Ball, location: 2F 2-2: Foul Ball, location: 2F 2-2: Foul Ball, location: 2F 2-2: Foul Ball, location: 2F 2-2: Fly out, F9 (Flyball, 9LM, EV 90.6 MPH)
|
| Bottom of the 1st over - 3 runs, 4 hits, 0 errors, 1 left on base; Sarasota 0 - Tampa 3 |
| TOP OF THE 2ND |
|
Sarasota Eagles batting - Pitching for Tampa Twisters : LHP Sal Torres
|
|
Batting: RHB Darrin Jackson
|
0-0: DOUBLE (Line Drive, 7LM, EV 107.5 MPH)
|
|
Batting: RHB Jose Estrada
|
0-0: Ball 1-0: SINGLE (Groundball, 56D, EV 100.0 MPH) Darrin Jackson to third Runner from 3rd tries for Home, SAFE, throw by LF to home
|
|
Batting: SHB Todd Mabe
|
0-0: Swinging Strike 0-1: Foul Ball, location: 2F 0-2: SINGLE (Groundball, 34D, EV 101.9 MPH) Jose Estrada to second Runner from 2nd tries for 3rd, SAFE, throw by RF made to third
|
|
Batting: LHB Dave Martinez
|
0-0: Ground out 4-3 (Groundball, 4S, EV 81.3 MPH) Jose Estrada scores Todd Mabe to second
|
|
Batting: RHB Ramon Henderson
|
0-0: Called Strike 0-1: Ground out U3 (Groundball, 34S, EV 66.3 MPH) Todd Mabe to third
|
|
Batting: LHB Jesus Mercado
|
0-0: Ball 1-0: Called Strike 1-1: Swinging Strike 1-2: Ball 2-2: Foul Ball, location: 2F 2-2: Strikes out swinging, 2-3 out at first.
|
| Top of the 2nd over - 2 runs, 3 hits, 0 errors, 1 left on base; Sarasota 2 - Tampa 3 |
| BOTTOM OF THE 2ND |
|
Tampa Twisters batting - Pitching for Sarasota Eagles : RHP Mark Bauer
|
|
Batting: RHB Benito Santiago
|
0-0: Ball 1-0: Foul Ball, location: 2F 1-1: Fly out, F7 (Flyball, 7, EV 90.6 MPH)
|
|
Batting: RHB Nelson Ybarra
|
0-0: Ball 1-0: Ground out 6-3 (Groundball, P, EV 86.9 MPH)
|
|
Batting: RHB John Hotchkiss
|
0-0: Ball 1-0: Called Strike 1-1: Fly out, F9 (Line Drive, 9D, EV 99.4 MPH)
|
| Bottom of the 2nd over - 0 runs, 0 hits, 0 errors, 0 left on base; Sarasota 2 - Tampa 3 |
| TOP OF THE 3RD |
|
Sarasota Eagles batting - Pitching for Tampa Twisters : LHP Sal Torres
|
|
Batting: SHB Ramon Sambo
|
0-0: Ball 1-0: Called Strike 1-1: Ball 2-1: SINGLE (Groundball, 6MD, EV 94.4 MPH)
|
|
Batting: RHB Gary Appino
|
0-0: Ball 1-0: Ball 2-0: Ball 3-0: Called Strike 3-1: Base on Balls Ramon Sambo to second
|
|
Batting: RHB Thomas Brassil
|
0-0: Ball 1-0: Called Strike 1-1: Ball 2-1: SINGLE (Groundball, 4MD, EV 109.4 MPH) Ramon Sambo to third Gary Appino to second
|
|
Batting: RHB Darrin Jackson
|
0-0: Ball 1-0: Fly out, F9 (Flyball, 89D, EV 100.6 MPH) Runner from 3rd tags up, SCORES, throw by RF Gary Appino to third
|
|
Batting: RHB Jose Estrada
|
0-0: Ball 1-0: Called Strike 1-1: Ball 2-1: Foul Ball, location: 2F 2-2: Strikes out swinging
|
|
Batting: SHB Todd Mabe
|
0-0: Ball 1-0: Ball 2-0: Ball 3-0: Base on Balls Thomas Brassil to second
|
|
Batting: LHB Dave Martinez
|
0-0: Ball 1-0: Ball 2-0: Fly out, F5 (Popup, 5F, EV 60.6 MPH)
|
| Top of the 3rd over - 1 run, 2 hits, 0 errors, 3 left on base; Sarasota 3 - Tampa 3 |
| BOTTOM OF THE 3RD |
|
Tampa Twisters batting - Pitching for Sarasota Eagles : RHP Mark Bauer
|
|
Batting: LHB John Randolph
|
0-0: Called Strike 0-1: SINGLE (Line Drive, 8LS, EV 113.8 MPH)
|
|
Batting: RHB Basil Tennell
|
0-0: Ball 1-0: Swinging Strike 1-1: Swinging Strike 1-2: Foul Ball, location: 2F 1-2: Strikes out swinging
|
|
Batting: LHB Jose Tolentino
|
0-0: Ball 1-0: Swinging Strike 1-1: Fly out, F8 (Flyball, 8RD, EV 103.8 MPH)
|
|
Batting: LHB Jordan Berge
|
0-0: Ball 1-0: Ball 2-0: Called Strike 2-1: Called Strike 2-2: Ball John Randolph steals 2nd base (no throw) 3-2: Fly out, F2 (Popup, 5SF, EV 81.9 MPH)
|
| Bottom of the 3rd over - 0 runs, 1 hit, 0 errors, 1 left on base; Sarasota 3 - Tampa 3 |
| TOP OF THE 4TH |
|
Sarasota Eagles batting - Pitching for Tampa Twisters : LHP Sal Torres
|
|
Batting: RHB Ramon Henderson
|
0-0: Foul Ball, location: 2F 0-1: Foul Ball, location: 2F 0-2: Foul Ball, location: 2F 0-2: Strikes out swinging
|
|
Batting: LHB Jesus Mercado
|
0-0: Ball 1-0: DOUBLE (Line Drive, 3D, EV 100.6 MPH)
|
|
Batting: SHB Ramon Sambo
|
0-0: Called Strike 0-1: Ball 1-1: Called Strike 1-2: SINGLE (Line Drive, 78S, EV 103.1 MPH) Jesus Mercado to third Runner from 3rd tries for Home, SAFE, throw by LF to home Ramon Sambo to second
|
|
Batting: RHB Gary Appino
|
0-0: Foul Ball, location: 2F 0-1: Ball 1-1: Fly out, F9 (Flyball, 9LS, EV 85.6 MPH)
|
|
Batting: RHB Thomas Brassil
|
0-0: Ground out 4-3 (Groundball, 4, EV 100.0 MPH)
|
| Top of the 4th over - 1 run, 2 hits, 0 errors, 1 left on base; Sarasota 4 - Tampa 3 |
| BOTTOM OF THE 4TH |
|
Tampa Twisters batting - Pitching for Sarasota Eagles : RHP Mark Bauer
|
|
Batting: RHB Andres Thomas
|
0-0: Called Strike 0-1: Ball 1-1: Swinging Strike 1-2: Strikes out swinging
|
|
Batting: RHB Dave Klipstein
|
0-0: Called Strike 0-1: Foul Ball, location: 2F 0-2: Strikes out swinging
|
|
Batting: RHB Benito Santiago
|
0-0: Called Strike 0-1: Ball 1-1: SINGLE (Flyball, 3D, EV 91.9 MPH)
|
|
Batting: RHB Nelson Ybarra
|
0-0: Ball 1-0: Ball 2-0: Called Strike 2-1: Ball 3-1: Called Strike 3-2: Foul Ball, location: 2F 3-2: Base on Balls Benito Santiago to second
|
|
Batting: RHB John Hotchkiss
|
0-0: Called Strike 0-1: Foul Ball, location: 2F 0-2: Ball 1-2: SINGLE (Groundball, 4MD, EV 101.9 MPH) Benito Santiago to third Nelson Ybarra to second Runner from 3rd tries for Home, SAFE, throw by CF to home
|
|
Batting: LHB John Randolph
|
0-0: Called Strike 0-1: Fielders Choice at 2nd, U4 (Groundball, 4M, EV 82.5 MPH)
|
| Bottom of the 4th over - 1 run, 2 hits, 0 errors, 2 left on base; Sarasota 4 - Tampa 4 |
| TOP OF THE 5TH |
|
Sarasota Eagles batting - Pitching for Tampa Twisters : LHP Sal Torres
|
|
Batting: RHB Darrin Jackson
|
0-0: Called Strike 0-1: Swinging Strike 0-2: Ball 1-2: Ball 2-2: Ball 3-2: Strikes out swinging
|
|
Batting: RHB Jose Estrada
|
0-0: Called Strike 0-1: Ball 1-1: Ball 2-1: Foul Ball, location: 2F 2-2: Fly out, F8 (Flyball, 78D, EV 91.9 MPH)
|
|
Batting: SHB Todd Mabe
|
0-0: Swinging Strike 0-1: Foul Ball, location: 2F 0-2: Ground out U3 (Groundball, 3, EV 79.4 MPH)
|
| Top of the 5th over - 0 runs, 0 hits, 0 errors, 0 left on base; Sarasota 4 - Tampa 4 |
| BOTTOM OF THE 5TH |
|
Tampa Twisters batting - Pitching for Sarasota Eagles : RHP Mark Bauer
|
|
Batting: RHB Basil Tennell
|
0-0: Called Strike 0-1: Ball 1-1: Swinging Strike 1-2: Ground out 6-3 (Groundball, 6, EV 85.6 MPH)
|
|
Batting: LHB Jose Tolentino
|
0-0: Called Strike 0-1: Ground out 3-1 (Groundball, 34S, EV 84.4 MPH)
|
|
Batting: LHB Jordan Berge
|
0-0: Ball 1-0: Ball 2-0: Called Strike 2-1: Ground out 5-3 (Groundball, 56S, EV 66.9 MPH)
|
| Bottom of the 5th over - 0 runs, 0 hits, 0 errors, 0 left on base; Sarasota 4 - Tampa 4 |
| TOP OF THE 6TH |
|
Sarasota Eagles batting - Pitching for Tampa Twisters : LHP Sal Torres
|
|
Batting: LHB Dave Martinez
|
0-0: Foul Ball, location: 2F 0-1: Ball 1-1: Ball 2-1: Ball 3-1: Called Strike 3-2: Strikes out looking
|
|
Batting: RHB Ramon Henderson
|
0-0: Ball 1-0: Ball 2-0: Foul Ball, location: 2F 2-1: Ball 3-1: Base on Balls
|
|
Pitching: RHP Adrian Meagher
|
|
|
Batting: LHB Jesus Mercado
|
0-0: Called Strike 0-1: Swinging Strike 0-2: Foul Ball, location: 2F 0-2: Ball 1-2: Strikes out looking
|
|
Batting: SHB Ramon Sambo
|
Pickoff Throw to First - Out! 1-3
|
| Top of the 6th over - 0 runs, 0 hits, 0 errors, 0 left on base; Sarasota 4 - Tampa 4 |
| BOTTOM OF THE 6TH |
|
Tampa Twisters batting - Pitching for Sarasota Eagles : RHP Mark Bauer
|
|
Batting: RHB Andres Thomas
|
0-0: Ball 1-0: Ball 2-0: Ball 3-0: Called Strike 3-1: Base on Balls
|
|
Batting: RHB Dave Klipstein
|
0-0: Ball 1-0: Ball 2-0: Foul Ball, location: 2F 2-1: Ball Andres Thomas is caught stealing 2nd base 2-4 3-1: Swinging Strike 3-2: Strikes out swinging
|
|
Batting: RHB Benito Santiago
|
0-0: Ball 1-0: Called Strike 1-1: Called Strike 1-2: Fly out, F8 (Flyball, 78S, EV 91.9 MPH)
|
| Bottom of the 6th over - 0 runs, 0 hits, 0 errors, 0 left on base; Sarasota 4 - Tampa 4 |
| TOP OF THE 7TH |
|
Sarasota Eagles batting - Pitching for Tampa Twisters : RHP Adrian Meagher
|
|
Batting: SHB Ramon Sambo
|
0-0: Ground out 6-3 (Groundball, 6M, EV 110.0 MPH)
|
|
Batting: RHB Gary Appino
|
0-0: Foul Ball, location: 2F 0-1: SOLO HOME RUN (Flyball, 78XD, EV 104.4 MPH), Distance : 412 ft
|
|
Batting: RHB Thomas Brassil
|
0-0: Ball 1-0: Ground out 5-3 (Groundball, 56S, EV 62.5 MPH)
|
|
Batting: RHB Darrin Jackson
|
0-0: Called Strike 0-1: Ball 1-1: SINGLE (Groundball, 25, EV 71.3 MPH) (infield hit)
|
|
Batting: RHB Jose Estrada
|
0-0: Ball Darrin Jackson steals 2nd base (no throw) 1-0: Called Strike 1-1: Swinging Strike 1-2: Strikes out looking
|
| Top of the 7th over - 1 run, 2 hits, 0 errors, 1 left on base; Sarasota 5 - Tampa 4 |
| BOTTOM OF THE 7TH |
|
Tampa Twisters batting - Pitching for Sarasota Eagles : RHP Mark Bauer
|
|
Pitching: RHP Ricky Rodriguez
|
|
|
Batting: RHB Nelson Ybarra
|
0-0: Called Strike 0-1: Called Strike 0-2: Ground out 4-3 (Groundball, 34, EV 108.8 MPH)
|
|
Batting: RHB John Hotchkiss
|
0-0: Called Strike 0-1: Foul Ball, location: 2F 0-2: Ball 1-2: Foul Ball, location: 2F 1-2: Ball 2-2: Ball 3-2: DOUBLE (Line Drive, 9LM, EV 110.0 MPH)
|
|
Batting: LHB John Randolph
|
0-0: Ball 1-0: Ball 2-0: Ball 3-0: Swinging Strike 3-1: Base on Balls
|
|
Batting: RHB Basil Tennell
|
0-0: Ball 1-0: Foul Ball, location: 2F 1-1: Grounds into double play, 4-6-3 (Groundball, 4, EV 104.4 MPH)
|
| Bottom of the 7th over - 0 runs, 1 hit, 0 errors, 1 left on base; Sarasota 5 - Tampa 4 |
| TOP OF THE 8TH |
|
Sarasota Eagles batting - Pitching for Tampa Twisters : RHP Adrian Meagher
|
|
Batting: SHB Todd Mabe
|
0-0: Ball 1-0: Ground out 6-3 (Groundball, 6, EV 84.4 MPH)
|
|
Batting: LHB Dave Martinez
|
0-0: Called Strike 0-1: Foul Ball, location: 2F 0-2: Strikes out looking
|
|
Batting: RHB Ramon Henderson
|
0-0: Called Strike 0-1: Ball 1-1: Swinging Strike 1-2: Strikes out swinging, 2-3 out at first.
|
| Top of the 8th over - 0 runs, 0 hits, 0 errors, 0 left on base; Sarasota 5 - Tampa 4 |
| BOTTOM OF THE 8TH |
|
Tampa Twisters batting - Pitching for Sarasota Eagles : RHP Ricky Rodriguez
|
|
Batting: LHB Jose Tolentino
|
0-0: Ball 1-0: Foul Ball, location: 2F 1-1: Ball 2-1: Foul Ball, location: 2F 2-2: Fly out, F7 (Flyball, 78D, EV 88.1 MPH)
|
|
Batting: LHB Jordan Berge
|
0-0: SINGLE (Groundball, 34, EV 96.9 MPH)
|
|
Pinch Hitting: SHB Jack Daugherty
|
0-0: Ball 1-0: Ball 2-0: Ball 3-0: Base on Balls Jordan Berge to second
|
|
Batting: RHB Dave Klipstein
|
0-0: Ball 1-0: SINGLE (Line Drive, 7LS, EV 108.1 MPH) Jordan Berge to third Jack Daugherty to second
|
|
Pinch Hitting: LHB Trench Davis
|
0-0: Fly out, F9 (Flyball, 3D, EV 81.3 MPH) Runner from 3rd tags up, OUT at HOME! 9-2
|
| Bottom of the 8th over - 0 runs, 2 hits, 0 errors, 2 left on base; Sarasota 5 - Tampa 4 |
| TOP OF THE 9TH |
|
Sarasota Eagles batting - Pitching for Tampa Twisters : RHP Adrian Meagher
|
|
Now at C: Russell Hilgenkamp
|
|
|
Now at SS: Terry Strickland
|
|
|
Batting: LHB Jesus Mercado
|
0-0: Ball 1-0: Swinging Strike 1-1: Swinging Strike 1-2: Strikes out looking
|
|
Batting: SHB Ramon Sambo
|
0-0: Ball 1-0: Ball 2-0: Called Strike 2-1: Ground out 4-3 (Groundball, 4, EV 108.8 MPH)
|
|
Batting: RHB Gary Appino
|
0-0: Ball 1-0: Called Strike 1-1: Foul Ball, location: 2F 1-2: Fly out, F8 (Line Drive, 8RM, EV 98.1 MPH)
|
| Top of the 9th over - 0 runs, 0 hits, 0 errors, 0 left on base; Sarasota 5 - Tampa 4 |
| BOTTOM OF THE 9TH |
|
Tampa Twisters batting - Pitching for Sarasota Eagles : RHP Ricky Rodriguez
|
|
Pitching: RHP Charlie Corbell
|
|
|
Pinch Hitting: RHB Scott Earl
|
0-0: Ground out 1-3 (Groundball, 15S, EV 65.6 MPH)
|
|
Batting: RHB John Hotchkiss
|
0-0: Called Strike 0-1: SINGLE (Line Drive, 6MD, EV 100.0 MPH)
|
|
Batting: LHB John Randolph
|
0-0: Foul Ball, location: 2F 0-1: Ball 1-1: Ball 2-1: Foul Ball, location: 2F 2-2: Ball 3-2: Foul Ball, location: 2F 3-2: DOUBLE (Line Drive, 8LD, EV 107.5 MPH) John Hotchkiss to third
|
|
Batting: RHB Basil Tennell
|
0-0: Called Strike 0-1: Ball 1-1: Ball 2-1: SINGLE (Line Drive, 78M, EV 98.1 MPH) John Hotchkiss scores John Randolph to third Runner from 3rd tries for Home, SAFE, throw by CF to home
|
| Bottom of the 9th over - 2 runs, 3 hits, 0 errors, 0 left on base; Sarasota 5 - Tampa 6 |
|